 Dungeon Crawl Stone Soup version 0.30-b1-5-g8e6c1be481 (webtiles) character file.

Game seed: 6604077337148055900

7016 Mysteryquy the Severer (level 11, -2/97 HPs)
             Began as a Hill Orc Fighter on May 4, 2023.
             Was a Believer of Beogh.
             Killed by divine providence
             ... invoked by a smoke demon
              (17 damage)
             ... on level 1 of the Abyss.
             The game lasted 00:16:32 (9310 turns).

Mysteryquy the Severer (Hill Orc Fighter)           Turns: 9310, Time: 00:16:32

Health: -2/97      AC: 17    Str: 24    XL:     11   Next: 8%
Magic:  11/11      EV: 23    Int:  8    God:    Beogh [**....]
Gold:   620        SH:  0    Dex: 10    Spells: 10/10 levels left

rFire   + . .        y - +1 executioner's axe (freeze)
rCold   + . .        (shield currently unavailable)
rNeg    . . .        v - +0 plate armour
rPois   .            (no helmet)
rElec   .            t - scarf {rC+ rF+}
rCorr   +            n - +0 pair of gloves
SInv    .            C - +0 pair of boots
Will    .....        x - amulet of the acrobat Stlth
                     d - ring of resist corrosion
HPRegen 0.36/turn    m - ring of protection from fire
MPRegen 0.12/turn

%: acrobat
@: acrobatic
A: heat vulnerability 1
a: Renounce Religion, Smiting


You were on level 1 of the Abyss.
You worshipped Beogh.
Beogh was pleased with you.
You visited 1 branch of the dungeon, and saw 9 of its levels.
You visited the Abyss 1 time.

You collected 620 gold pieces.

Inventory:

Hand Weapons
 a - a +0 war axe
 y - a +1 executioner's axe of freezing (weapon)
Missiles
 r - 25 poisoned darts (quivered)
 u - 3 throwing nets
Armour
 b - a +0 scale mail
 c - a +0 buckler
 f - a +0 cloak
 n - a +0 pair of gloves (worn)
 t - a scarf of resistance (worn)
 v - a +0 plate armour (worn)
 C - a +0 pair of boots (worn)
Jewellery
 d - a ring of resist corrosion (left hand)
 m - a ring of protection from fire (right hand)
 x - an amulet of the acrobat (around neck)
Wands
 e - a wand of polymorph (7)
 B - a wand of charming (10)
Scrolls
 g - 3 scrolls of noise
 l - 2 scrolls of magic mapping
 w - a scroll of poison
 E - 4 scrolls of identify
 G - a scroll of silence
 I - a scroll of fear
Potions
 i - 3 potions of flight
 j - a potion of cancellation
 k - 2 potions of might
 o - a potion of lignification
 p - a potion of magic {unknown}
 q - 3 potions of invisibility {unknown}
 s - a potion of brilliance {unknown}
 z - a potion of degeneration {unknown}
 A - 3 potions of curing
 D - a potion of experience {unknown}


   Skills:
 + Level 9.4 Fighting
 + Level 15.3 Axes
 + Level 9.3 Armour
 + Level 3.2 Dodging
 + Level 0.8 Stealth
 + Level 4.1 Shields
 + Level 0.3 Evocations


You had 10 spell levels left.
You didn't know any spells.
Your spell library contained the following spells:

 Spells                   Type           Power      Damage    Failure   Level
 Apportation              Tloc           0%         N/A       99%         1
 Necrotise                Necr           0%         1d4       99%         1
 Sting                    Tmut/Pois      0%         1d3       99%         1
 Summon Small Mammal      Summ           0%         N/A       99%         1
 Blink                    Tloc           0%         N/A       100%        2
 Poisonous Vapours        Pois/Air       0%         N/A       100%        2
 Manifold Assault         Tloc           0%         N/A       100%        4
 Olgreb's Toxic Radiance  Pois           0%         N/A       100%        4
 Storm Form               Tmut/Air       0%         N/A       100%        7


Dungeon Overview and Level Annotations

Branches:
Dungeon (9/15)             Temple (0/1) D:7
   Lair: D:8-11         Orc: D:9-12

Altars:
Ashenzari
Dithmenos
Hepliaklqana
Kikubaaqudgha
Nemelex Xobeh
Uskayaw
Wu Jian

Shops:
D:1 (

Annotations:
D:4 Grinder
D:8 Maggie
D:9 Psyche


Innate Abilities, Weirdness & Mutations

You are vulnerable to heat. (rF-)


Message History

You feel much better.
The flying skull hits you but does no damage.
The hellwing hits you.
The hellwing hits you but does no damage.
Aiming: Charm
Press: ? - help, Q - select action, (/) - cycle Shift-Dir - straight line, f - flying skull
Aim: a flying skull (chance to affect: 50%)
The flying skull resists with some effort.
The flying skull hits you but does no damage. x2
The hellwing hits you but does no damage.
The hellwing barely misses you. The smoke demon gestures at you.
Something smites you!
* * * LOW HITPOINT WARNING * * *
The flying skull completely misses you.
The flying skull attacks as you move away!
The flying skull hits you.
* * * LOW HITPOINT WARNING * * *
The flying skull hits you.
* * * LOW HITPOINT WARNING * * *
The iron imp shouts!
The flying skull attacks as you move away!
The flying skull completely misses you. x2
Found a corrupted altar of Lugonu.
Found a gateway leading deeper into the Abyss.
The flying skull closely misses you. The smoke demon gestures at you.
The sticky flame hits you but does no damage.
You are covered in liquid flames!
You are covered in liquid flames!
* * * LOW HITPOINT WARNING * * *
You are covered in liquid flames!
* * * LOW HITPOINT WARNING * * *
You are no longer on fire.
The flying skull misses you.
A chaos spawn comes into view.
The iron imp shouts, "Return whence thou came, thou hateful limp-willed lewdster!"
The smoke demon gestures at you. Something smites you!
You die...

.4 ......... ...
....... ....
...... ....#
....# .#.......
#. ..#..# ##.
#...#
##.#.###@.#.#
#.#..#.z_>..#
#..#.5#.#..#
#..4#.##.##..#
#..##.3#....##
#..
.....3..#.......
.
........#........
....#.ยง#........
.... ...#########


You could see a hellwing, 2 smoke demons, a chaos spawn (wandering), a flying
skull and an iron imp.

Vanquished Creatures
  A two-headed ogre (D:8)
  Pikel (D:6)
  A cyclops (D:9)
  Maurice (D:8)
  Joseph (D:7)
  A troll (D:9)
  A hellwing (Abyss:1)
  A hornet (D:9)
  A yak (D:5)
  Eustachio (D:4)
  A steam dragon (D:8)
  Edmund (D:4)
  2 water moccasins
  2 black bears
  An ice beast (D:6)
  5 ogres
  9 centaurs
  4 lemures (D:6)
  4 phantoms
  Blork the orc (D:5)
  2 kobold brigands
  3 bullfrogs
  A gnoll sergeant (D:8)
  4 scorpions
  3 wights (D:8)
  A killer bee (D:9)
  A howler monkey (D:5)
  6 jellies
  4 hounds
  4 orc priests (D:8)
  Crazy Yiuf (D:7)
  3 iguanas
  A sleepcap (D:6)
  Jessica (D:3)
  7 orc wizards
  8 adders
  4 gnolls (D:8)
  2 shadow imps
  A white imp (D:5)
  2 ufetubi (D:7)
  3 worms
  3 dart slugs
  22 orcs
  4 bats
  6 endoplasms
  4 giant cockroaches
  3 goblins
  17 hobgoblins
  15 kobolds
  4 quokkas
  8 ball pythons
  4 frilled lizards
  8 rats
200 creatures vanquished.

Vanquished Creatures (collateral kills)
  An orc (D:6)
1 creature vanquished.

Vanquished Creatures (others)
  A phantom (D:6)
  An orc wizard (D:6)
  An orc (D:6)
3 creatures vanquished.

Grand Total: 204 creatures vanquished

Notes
Turn   | Place    | Note
-------+----------+-------------------------------------------
     0 | D:1      | Mysteryquy the Hill Orc Fighter began the quest for the
                  | Orb.
     0 | D:1      | Reached XP level 1. HP: 19/19 MP: 1/1
    83 | D:1      | Reached XP level 2. HP: 23/27 MP: 2/2
   163 | D:1      | Found Ithrum's Antique Weapon Boutique.
   374 | D:1      | Reached skill level 3 in Axes
   482 | D:1      | Reached XP level 3. HP: 33/33 MP: 3/3
  1234 | D:2      | Reached XP level 4. HP: 22/40 MP: 4/4
  1582 | D:3      | Reached skill level 4 in Axes
  1725 | D:3      | Noticed Jessica
  1734 | D:3      | Killed Jessica
  1998 | D:3      | Identified the +8 whip "Inom Tan" {flame, Will- Int+6}
  2058 | D:3      | Reached skill level 5 in Axes
  2058 | D:3      | Reached XP level 5. HP: 45/46 MP: 5/5
  2226 | D:4      | Noticed Eustachio
  2268 | D:4      | Killed Eustachio
  2269 | D:4      | Reached skill level 6 in Axes
  2269 | D:4      | Reached XP level 6. HP: 33/53 MP: 6/6
  2492 | D:4      | Noticed Edmund
  2510 | D:4      | Killed Edmund
  2651 | D:4      | Reached skill level 1 in Dodging
  2945 | D:4      | Reached skill level 7 in Axes
  2945 | D:4      | Reached skill level 5 in Armour
  2945 | D:4      | Reached XP level 7. HP: 44/60 MP: 7/7
  3502 | D:4      | Noticed Grinder
  3586 | D:5      | Entered Level 5 of the Dungeon
  3602 | D:5      | Reached skill level 5 in Fighting
  3687 | D:5      | Reached skill level 8 in Axes
  3764 | D:5      | Reached XP level 8. HP: 12/68 MP: 8/8
  4246 | D:5      | Noticed Blork the orc
  4266 | D:6      | Noticed Pikel
  4290 | D:6      | Reached skill level 9 in Axes
  4401 | D:6      | Became a worshipper of Beogh the Brigand
  4591 | D:5      | Noticed a yak
  4600 | D:5      | Killed a yak
  4647 | D:5      | Reached skill level 10 in Axes
  4839 | D:5      | Reached XP level 9. HP: 75/75 MP: 9/9
  4906 | D:5      | Killed Blork the orc
  5368 | D:5      | Gained mutation: You have a pair of small antennae on your
                  | head. [potion of mutation]
  5368 | D:5      | Gained mutation: You have a pair of antennae on your head.
                  | [potion of mutation]
  5368 | D:5      | Gained mutation: You have supernaturally acute eyesight.
                  | (SInv) [potion of mutation]
  5369 | D:5      | Lost mutation: You have a pair of antennae on your head.
                  | [potion of mutation]
  5369 | D:5      | Lost mutation: You have supernaturally acute eyesight.
                  | (SInv) [potion of mutation]
  5369 | D:5      | Gained mutation: Armour fits poorly on your strangely
                  | shaped body. [potion of mutation]
  5369 | D:5      | Gained mutation: Your flesh is heat resistant. (rF+)
                  | [potion of mutation]
  5370 | D:5      | Lost mutation: Your flesh is heat resistant. (rF+) [potion
                  | of mutation]
  5370 | D:5      | Lost mutation: You have a pair of small antennae on your
                  | head. [potion of mutation]
  5370 | D:5      | Lost mutation: Armour fits poorly on your strangely shaped
                  | body. [potion of mutation]
  5370 | D:5      | Gained mutation: You are vulnerable to heat. (rF-) [potion
                  | of mutation]
  5428 | D:6      | Found an ornate altar of the Wu Jian Council.
  5484 | D:6      | Killed Pikel
  5485 | D:6      | Reached skill level 11 in Axes
  6210 | D:7      | Reached skill level 12 in Axes
  6247 | D:7      | Found a broken altar of Ashenzari.
  6251 | D:7      | Found a hide-covered altar of Uskayaw.
  6290 | D:7      | Found a staircase to the Ecumenical Temple.
  6315 | D:7      | Reached * piety under Beogh
  6494 | D:7      | Found a runed translucent door.
  6495 | D:7      | Noticed Crazy Yiuf
  6585 | D:7      | Found a hazy altar of Hepliaklqana.
  6636 | D:7      | Noticed Joseph
  6650 | D:7      | Killed Joseph
  6651 | D:7      | Reached XP level 10. HP: 31/88 MP: 10/10
  6865 | D:7      | Reached skill level 13 in Axes
  7046 | D:7      | Killed Crazy Yiuf
  7136 | D:8      | Found a shadowy altar of Dithmenos.
  7795 | D:8      | Found a sparkling altar of Nemelex Xobeh.
  7915 | D:8      | Noticed a two-headed ogre
  8081 | D:8      | Killed a two-headed ogre
  8082 | D:8      | Reached skill level 14 in Axes
  8082 | D:8      | Reached ** piety under Beogh
  8125 | D:8      | Found an ancient bone altar of Kikubaaqudgha.
  8413 | D:8      | Noticed Maurice
  8422 | D:8      | Killed Maurice
  8826 | D:8      | Noticed Maggie
  8895 | D:9      | Noticed a cyclops
  8902 | D:9      | Killed a cyclops
  9174 | D:9      | Reached skill level 15 in Axes
  9174 | D:9      | Reached XP level 11. HP: 97/97 MP: 11/11
  9205 | D:9      | Noticed Psyche
  9227 | Abyss:1  | Cast into level 1 of the Abyss (Psyche)
  9308 | Abyss:1  | Found a corrupted altar of Lugonu.
  9310 | Abyss:1  | Killed from afar by a smoke demon

Illustrated notes

Levels and vault maps discovered:
D:1:      arrival_zaba_pyramid, layout_basic, serial_shops, nicolae_shop_trees,
          st_stairs_11
D:2:      layout_loops_ring
D:3:      layout_basic, uniq_jessica
D:4:      minmay_door_path, layout_basic, uniq_eustachio, uniq_grinder,
          uniq_edmund
D:5:      minmay_razor_zed, layout_basic, uniq_blork_the_orc
D:6:      layout_rooms, nzn_wu_jian_council_hall, uniq_pikel
D:7:      layout_basic, kennysheep_mini_moat, minitemple,
          minmay_temple_entry_butterflies, uniq_joseph, uniq_crazy_yiuf_cottage
D:8:      kennysheep_housing_project, layout_gridville,
          mainiacjoe_overflow_chevrons, nicolae_overflow_crystal_walls,
          mainiacjoe_overflow_concentric_impassable, uniq_maggie, uniq_maurice
D:9:      layout_grid_maze, kennysheep_generic_room_2, uniq_psyche
Abyss:1:  base:
D:8

Skill      XL: |  1  2  3  4  5  6  7  8  9 10 |
---------------+-------------------------------+-----
Fighting       | 4 5 6 7 9 |  9.4
Axes           | 3 5 6 7 8 10 12 15 | 15.3
Armour         | 4 5 7 8 9 |  9.3
Dodging        | 1 2 3 |  3.2
Shields        | 4 |  4.1
Stealth        | |  0.8
Evocations     | |  0.3

Action                     |  1- 3 |  4- 6 |  7- 9 | 10-12 || total
---------------------------+-------+-------+-------+-------++-------
  Melee: War axe           |   133 |   103 |    61 |       ||   297
         Executioner's axe |       |       |   205 |   152 ||   357
 Invoke: Convert to Beogh  |       |       |     1 |       ||     1
  Evoke: Wand              |       |       |     2 |     1 ||     3
    Use: Scroll            |       |     3 |    13 |     8 ||    24
         Potion            |       |     1 |     9 |     4 ||    14
 Armour: Scale mail        |    52 |    35 |   138 |    70 ||   295
         Plate armour      |       |       |       |    52 ||    52
         Skin              |       |       |       |    10 ||    10
  Dodge: Dodged            |    60 |    56 |   173 |   141 ||   430
  Block: Buckler           |    25 |    26 |     9 |       ||    60
